 Dungeon Crawl Stone Soup version 0.30-a0-123-g91d0c66ccf (webtiles) character file.

Game seed: 6202891116257364601

17 KittyKat the Trooper (level 2, -1/20 HPs)
             Began as a Gargoyle Monk on Sept 18, 2022.
             Slain by a gnoll
             ... wielding a +0 spear
              (2 damage)
             ... on level 1 of the Dungeon.
             The game lasted 00:00:42 (646 turns).

KittyKat the Trooper (Gargoyle Monk)                 Turns: 646, Time: 00:00:43

Health: -1/20      AC:  4    Str: 14    XL:     2   Next: 62%
Magic:  2/2        EV: 12    Int: 10    God:
Gold:   15         SH:  0    Dex: 12    Spells: 1/1 levels left

rFire   . . .      SeeInvis .    a - +0 mace
rCold   . . .      Faith    .    (no shield)
rNeg    + . .      Spirit   .    b - +0 robe
rPois   ∞          Reflect  .    (no helmet)
rElec   +          Harm     .    (no cloak)
rCorr   .          Rampage  .    (no gloves)
Will    .....                    (no boots)
Stlth   ++........               (no amulet)
HPRegen 0.06/turn                (no ring)
MPRegen 0.08/turn                (no ring)

@: no status effects
A: sickness immunity, AC +2, negative energy resistance 1, electricity
resistance, torment resistance 1, petrification resistance
a: no special abilities


You were on level 1 of the Dungeon.
You visited 1 branch of the dungeon, and saw 1 of its levels.

You collected 15 gold pieces.

Inventory:

Hand Weapons
 a - a +0 mace (weapon)
Armour
 b - a +0 robe (worn)
Jewellery
 i - a ring of ice
Scrolls
 e - a scroll of identify {unknown}
Potions
 c - a potion of ambrosia
 d - a potion of heal wounds {unknown}
 f - a potion of might {unknown}
 g - a potion of brilliance {unknown}
 h - a potion of haste {unknown}
 j - a potion of magic {unknown}


   Skills:
 * Level 3.8 Fighting
 * Level 3.4 Maces & Flails
 - Level 2.4 Dodging
 - Level 2.1 Stealth


You had one spell level left.
You didn't know any spells.
Your spell library was empty.

Dungeon Overview and Level Annotations

Branches:
Dungeon (1/15)

Altars:


Innate Abilities, Weirdness & Mutations

You are immune to sickness and miasma.
Your stone body is resilient. (AC +2)
You are immune to poison.
You resist negative energy. (rN+)
You are resistant to electric shocks. (rElec)
You are resistant to unholy torment.
You are immune to petrification.


Message History

You barely miss the rat. The rat barely misses you.
You hit the rat.
You kill the rat!
The bat misses you.
Found a fuming orange potion.
The bat hits you. The bat barely misses you.
You hit the bat.
You kill the bat!
No target in view!
You start resting.
HP restored.
You start waiting.
Done waiting.
i - a ring of ice
j - a fuming orange potion A goblin comes into view.
It is wielding a +0 club.
A gnoll and a kobold come into view.
Found a yellow potion.
Found a robe.
The gnoll shouts!
The goblin shouts!
The kobold shouts!
The kobold closely misses you.
The gnoll hits you from afar with a +0 spear!
The kobold throws a stone.
The stone hits you but does no damage. The kobold closely misses you.
The gnoll closely misses you.
You closely miss the kobold. The kobold hits you but does no damage.
The gnoll completely misses you.
The gnoll hits you from afar with a +0 spear.
The kobold hits you but does no damage.
You hit the kobold.
The kobold is severely wounded.
The kobold hits you but does no damage.
The gnoll hits you from afar with a +0 spear.
You hit the kobold.
You kill the kobold!
The gnoll hits you from afar with a +0 spear.
* * * LOW HITPOINT WARNING * * *
You closely miss the goblin. The goblin hits you with a +0 club.
* * * LOW HITPOINT WARNING * * *
The gnoll hits you from afar with a +0 spear.
You die...

#...# #.#.#.#
....!...#.÷.# #...#.#
........#...# #####.#
........#...# #...#.#
#
........#...####.#.#.#
#
........#......#.#.#.#
#
........#......#.#.#.#
#
........###....#.#...#
#
.......gg@.....#.#####
+
........###....#.#...#
# [.......#
######.#.#.# #
........# #.#.#.# #
......... #.#.#.#####
######### #...#.##...
#####.##...
#...#.##...
#.#.#.##...


You could see a gnoll and a goblin.

Vanquished Creatures
  A ball python (D:1)
  A bat (D:1)
  2 endoplasms (D:1)
  A giant cockroach (D:1)
  4 goblins (D:1)
  2 hobgoblins (D:1)
  A kobold (D:1)
  3 rats (D:1)
15 creatures vanquished.

Notes
Turn   | Place    | Note
-------+----------+-------------------------------------------
     0 | D:1      | KittyKat the Gargoyle Monk began the quest for the Orb.
     0 | D:1      | Reached XP level 1. HP: 14/14 MP: 1/1
   111 | D:1      | Reached XP level 2. HP: 19/19 MP: 2/2
   646 | D:1      | HP: 1/20 [goblin/+0 club (4)]
   646 | D:1      | Slain by a gnoll

Illustrated notes

Levels and vault maps discovered:
D:1:      wander_arrival_peaceful_grave, layout_basic,
          shapermc_ecumenical_altar_gd, roderic_serpentine_path,
          nicolae_shop_vocational

Action                   || total
-------------------------++-------
Melee: Mace              ||    36
 Stab: Sleeping          ||     1
Armor: Robe              ||    12
Dodge: Dodged            ||    26

Table legend: (Time is in decaauts)
 A = Elapsed time spent in this place.
 B = Non-inter-level travel time spent in this place.
 C = Inter-level travel time spent in this place.
 D = Time resting spent in this place.
 E = Time spent auto-exploring this place.
 F = Levels seen in this place.
 G = Mean time per level.
                   A        B        C        D        E       F      G
               +--------+--------+--------+--------+--------+-----+--------+
         Total |    654 |    654 |      0 |    353 |    177 |   1 |  654.0 |
       Dungeon |    654 |    654 |      0 |    353 |    177 |   1 |  654.0 |
               +--------+--------+--------+--------+--------+-----+--------+

Top non-repeatable levels by time:
     D:1: 654 daAuts
